 Dungeon Crawl Stone Soup version 0.26.1-11-gd32895ea62 (webtiles) character file.

Game seed: 13758302495599049262

56 Almogavar the Digger (level 3, -4/19 HPs)
             Began as a Gargoyle Earth Elementalist on May 15, 2021.
             Killed from afar by Sigmund (8 damage)
             ... with a puff of flame
             ... on level 2 of the Dungeon.
             The game lasted 00:05:02 (1370 turns).

Almogavar the Digger (Gargoyle Earth Elementalist)  Turns: 1370, Time: 00:05:02

Health: -4/19      AC:  5    Str: 11    XL:     3   Next: 95%
Magic:  4/7        EV: 12    Int: 16    God:
Gold:   63         SH:  0    Dex: 10    Spells: 6/7 levels left

rFire    . . .     SeeInvis .   h - +1 dagger (venom)
rCold    . . .     Faith    .   (no shield)
rNeg     + . .     Spirit   .   c - +0 robe
rPois    ∞         Reflect  .   (no helmet)
rElec    +         Harm     .   (no cloak)
rCorr    .         Rampage  .   (no gloves)
Will     .....                  (no boots)
Stlth    ++........             (no amulet)
HPRegen  0.06/turn              l - ring of wizardry
MPRegen  0.10/turn              (no ring)

@: no status effects
A: negative energy resistance 1, electricity resistance, unbreathing,
petrification resistance, miasma immunity, AC +3
a: no special abilities


You were on level 2 of the Dungeon.
You visited 1 branch of the dungeon, and saw 2 of its levels.

You collected 63 gold pieces.

Inventory:

Hand Weapons
 h - a +1 dagger of venom (weapon)
 k - a cursed -1 whip
Missiles
 b - 20 stones
Armour
 c - a +0 robe (worn)
Jewellery
 l - a ring of wizardry (left hand)
Scrolls
 d - a scroll of blinking {unknown}
 e - a scroll of identify {unknown}
 j - a scroll of remove curse {unknown}
Potions
 a - a potion of lignification {unknown}
 f - a potion of haste {unknown}
 g - a potion of mutation {unknown}
 i - a potion of attraction {unknown}


   Skills:
 + Level 1.7 Dodging
 + Level 2.3 Stealth
 + Level 2.7 Spellcasting
 + Level 0.7 Transmutations
 + Level 4.9 Earth Magic


You had 6 spell levels left.
You knew the following spells:

 Your Spells              Type           Power        Failure   Level
a - Sandblast             Erth           34%          1%          1

Your spell library contained the following spells:

 Spells                   Type           Power        Failure   Level
 Passwall                 Tmut/Erth      9%           3%          2
 Stone Arrow              Conj/Erth      20%          9%          3
 Petrify                  Tmut/Erth      11%          24%         4
 Lee's Rapid Deconstruct  Erth           8%           26%         5


Dungeon Overview and Level Annotations

Branches:
Dungeon (2/15)

Altars:

Annotations:
D:2 Natasha, Sigmund


Innate Abilities, Weirdness & Mutations

You are resistant to torment.
Your stone body is resilient. (AC +3)
You are immune to poison.
You resist negative energy. (rN+)
You are resistant to electric shocks. (rElec)
You can survive without breathing.
You are immune to petrification.
You are immune to miasma.


Message History

The puff of flame hits you!
Ouch! That really hurt!
* * * LOW HITPOINT WARNING * * *
Casting: Sandblast (safe; 1% risk of failure)
Confirm with . or Enter, or press ? or * to list all spells.
Aiming: Sandblast (safe; 1% risk of failure)
Press: ? - help, Shift-Dir - straight line, f/p - Sigmund
Aim: Sigmund, wielding a +4 scythe of freezing and wearing a +0 robe (moderately wounded, 23% to evade)
The blast of sand hits Sigmund!
Sigmund is severely wounded.
Casting: Sandblast (safe; 1% risk of failure)
Confirm with . or Enter, or press ? or * to list all spells.
Aiming: Sandblast (safe; 1% risk of failure)
Press: ? - help, Shift-Dir - straight line, f/p - Sigmund
Aim: Sigmund, wielding a +4 scythe of freezing and wearing a +0 robe (severely wounded, 23% to evade)
The blast of sand hits Sigmund.
Sigmund is almost dead.
Sigmund gestures at you while chanting. The puff of flame hits you!
You die...

#.. #.. .. .>
#. #.
#.###.#######.
#...@.@.......
#.#......#####
#......#
#......#
#......#
#......#
########


You could see Sigmund.

Vanquished Creatures
  Robin (D:2)
  A gnoll (D:1)
  A worm (D:2)
  2 dart slugs (D:1)
  2 leopard geckos (D:1)
  A giant cockroach (D:1)
  5 hobgoblins
  3 kobolds (D:1)
  A bat (D:1)
  3 frilled lizards (D:1)
  5 goblins
  A rat (D:1)
26 creatures vanquished.

Notes
Turn   | Place    | Note
-------+----------+-------------------------------------------
     0 | D:1      | Almogavar the Gargoyle Earth Elementalist began the quest
                  | for the Orb.
     0 | D:1      | Reached XP level 1. HP: 10/10 MP: 3/3
   117 | D:1      | Reached XP level 2. HP: 15/15 MP: 3/5
   208 | D:1      | Reached skill level 4 in Earth Magic
   746 | D:1      | Reached XP level 3. HP: 19/19 MP: 3/6
   932 | D:2      | Noticed Natasha
  1243 | D:2      | Noticed Robin
  1247 | D:2      | Killed Robin
  1365 | D:2      | Noticed Sigmund
  1370 | D:2      | Killed from afar by Sigmund

Illustrated notes

Levels and vault maps discovered:
D:1:      ncdulo_halloftheorcs, layout_rooms,
          wander_ebering_terrifying_dragon_lair
D:2:      layout_basic, uniq_terence, uniq_sigmund, uniq_jessica, uniq_natasha,
          uniq_robin

Skill      XL: |  1  2 |
---------------+-------+-----
Earth Magic    | 4 |  4.9
Dodging        | |  1.7
Stealth        | |  2.3
Spellcasting   | |  2.7
Transmutations | |  0.7

Action                   || total
-------------------------++-------
Melee: Unarmed           ||     2
       Dagger            ||     2
 Cast: Sandblast         ||    45
Armor: Robe              ||     4
Dodge: Dodged            ||     7
